 Dungeon Crawl Stone Soup version 0.30.1-3-gfc49f6343a (webtiles) character file.

Game seed: 5059006579747034687

25 Bronimir the Trooper (level 3, -12/23 HPs)
             Began as a Gargoyle Monk on July 29, 2023.
             Mangled by Sigmund
             ... wielding a +4 heavy scythe
              (22 damage)
             ... on level 2 of the Dungeon.
             The game lasted 00:01:01 (475 turns).

Bronimir the Trooper (Gargoyle Monk)                 Turns: 475, Time: 00:01:01

Health: -12/23     AC:  5    Str: 16    XL:     3   Next: 6%
Magic:  3/3        EV: 12    Int: 10    God:
Gold:   15         SH:  0    Dex: 12    Spells: 2/2 levels left

rFire   . . .        a - +0 hand axe
rCold   . . .        d - orb {light}
rNeg    + . .        b - +0 robe
rPois   ∞            (no helmet)
rElec   +            (no cloak)
rCorr   .            (no gloves)
SInv    .            (no boots)
Will    .....        (no amulet)
Stlth   +            (no ring)
HPRegen 0.23/turn    (no ring)
MPRegen 0.08/turn

%: no passive effects
@: glowing
A: sickness immunity, AC +3, negative energy resistance 1, electricity
resistance, torment resistance 1, petrification resistance
a: no special abilities


You were on level 2 of the Dungeon.
You visited 1 branch of the dungeon, and saw 2 of its levels.

You collected 15 gold pieces.

Inventory:

Hand Weapons
 a - a +0 hand axe (weapon)
Armour
 b - a +0 robe (worn)
 d - an orb of light (worn)
Potions
 c - a potion of ambrosia
 e - a potion of attraction {unknown}
 f - a potion of haste {unknown}


   Skills:
 + Level 3.5 Fighting
 * Level 3.3 Axes
 * Level 0.1 Armour
 + Level 2.7 Dodging


You had 2 spell levels left.
You didn't know any spells.
Your spell library was empty.

Dungeon Overview and Level Annotations

Branches:
Dungeon (1/15)

Altars:

Annotations:
D:2 Sigmund


Innate Abilities, Weirdness & Mutations

You are immune to sickness and miasma.
Your stone body is resilient. (AC +3)
You are immune to poison.
You resist negative energy. (rN+)
You are resistant to electric shocks. (rElec)
You are resistant to unholy torment.
You are immune to petrification.


Message History

You hit the ball python.
You kill the ball python!
You barely miss the giant cockroach.
The giant cockroach bites you but does no damage.
You have reached level 3!
Your experience leads to an increase in your attributes!
Increase (S)trength, (I)ntelligence, or (D)exterity?
You feel stronger. x2
You barely miss the giant cockroach.
The giant cockroach bites you but does no damage. x2
You barely miss the giant cockroach.
The giant cockroach bites you but does no damage.
You hit the giant cockroach.
You kill the giant cockroach!
No target in view!
No target in view!
You see here a ball python corpse.
Sigmund the Dreaded comes into view.
He is wielding a +4 heavy scythe.
Sigmund shouts!
Sigmund casts a spell at you. You resist with significant effort.
Found a scroll labelled ZESHRI DIFYUT.
You now have 15 gold pieces.
A hobgoblin comes into view.
Sigmund barely misses you.
Sigmund hits you with a +4 heavy scythe.
You barely miss Sigmund. You hit Sigmund but do no damage.
Sigmund casts a spell at you. The magic dart hits you!
You slash Sigmund!
Sigmund is moderately wounded.
Sigmund closely misses you.
You hit Sigmund.
Sigmund is heavily wounded.
You barely miss Sigmund.
Sigmund is heavily wounded.
Sigmund hits you with a +4 heavy scythe!!
Ouch! That really hurt!
You die...

#####.######....# #.#
#....#### #.#
##.##...# #.# #.##...#
## ...######.##...#
..#
..........†....#...###
....................
.######.##.###....?.
#....@@........
........<......g.
##.........##....
#.#......... ..
#.######.###.. . .. .
..# ...


You could see Sigmund.

Vanquished Creatures
  2 bats (D:1)
  2 endoplasms (D:1)
  A giant cockroach (D:2)
  A goblin (D:1)
  2 hobgoblins (D:1)
  6 jackals (D:1)
  A kobold (D:1)
  4 ball pythons
  A rat (D:1)
20 creatures vanquished.

Notes
Turn   | Place    | Note
-------+----------+-------------------------------------------
     0 | D:1      | Bronimir the Gargoyle Monk began the quest for the Orb.
     0 | D:1      | Reached XP level 1. HP: 14/14 MP: 1/1
   118 | D:1      | Reached XP level 2. HP: 19/19 MP: 2/2
   426 | D:1      | You fall into a shaft and drop 1 floor!
   458 | D:2      | Reached XP level 3. HP: 20/23 MP: 3/3
   462 | D:2      | Noticed Sigmund
   475 | D:2      | Mangled by Sigmund

Illustrated notes

Levels and vault maps discovered:
D:1:      minmay_arrival_solitary_statue, layout_loops_ring, serial_shops,
          nicolae_shop_peninsula
D:2:      layout_basic, basic_altar, grunt_ministairs_12, cheibrodos_gnoll_hut,
          uniq_sigmund, uniq_robin

Skill      XL: |  1  2 |
---------------+-------+-----
Axes           | 3 |  3.3
Fighting       | |  3.5
Armour         | |  0.1
Dodging        | |  2.7

Action                     || total
---------------------------++-------
  Melee: Hand axe          ||    78
 Armour: Robe              ||    26
  Dodge: Dodged            ||    64
